 Dungeon Crawl Stone Soup version 0.30-a0-170-g85af917532 (webtiles) character file.

Game seed: 11161417520271688382

82 qw the Chopper (level 4, -3/28 HPs)
             Began as a Gargoyle Fighter on Sept 30, 2022.
             Slain by a worm (9 damage)
             ... on level 3 of the Dungeon.
             The game lasted 00:00:40 (2071 turns).

qw the Chopper (Gargoyle Fighter)                   Turns: 2071, Time: 00:00:40

Health: -3/28      AC: 15    Str: 22    XL:     4   Next: 43%
Magic:  4/4        EV:  3    Int:  8    God:
Gold:   94         SH:  4    Dex:  9    Spells: 3/3 levels left

rFire   . . .      SeeInvis .    Y - +2 war axe
rCold   . . .      Faith    .    c - +0 buckler
rNeg    + . .      Spirit   .    g - +0 plate armour
rPois   inf        Reflect  .    (no helmet)
rElec   +          Harm     .    (no cloak)
rCorr   .          Rampage  .    (no gloves)
Will    .....                    (no boots)
Stlth   ..........               (no amulet)
HPRegen 0.09/turn                (no ring)
MPRegen 0.09/turn                (no ring)

@: grasped by roots, constricted
A: sickness immunity, AC +3, negative energy resistance 1, electricity
resistance, torment resistance 1, petrification resistance
a: no special abilities


You were on level 3 of the Dungeon.
You visited 1 branch of the dungeon, and saw 4 of its levels.

You collected 94 gold pieces.


Innate Abilities, Weirdness & Mutations

You are immune to sickness and miasma.
Your stone body is resilient. (AC +3)
You are immune to poison.
You resist negative energy. (rN+)
You are resistant to electric shocks. (rElec)
You are resistant to unholy torment.
You are immune to petrification.


   Skills:
 - Level 3.2 Fighting
 + Level 4.1 Axes
 - Level 3.2 Armour
 - Level 3.2 Shields


You had 3 spell levels left.
You didn't know any spells.
Your spell library was empty.

Inventory:

Hand Weapons
 h - a +0 flail
 Y - a +2 war axe (weapon)
Missiles
 f - 3 boomerangs (quivered)
Armour
 c - a +0 buckler (worn)
 g - a +0 plate armour (worn)
Scrolls
 a - a scroll of identify
Potions
 d - a potion of might

Dungeon Overview and Level Annotations

Branches:
Dungeon (4/15)
 Temple: D:4-7

Altars:

Annotations:
D:3 Grinder


Message History

Assign waypoint to what number? (0-9, D - delete waypoint) Waypoint 1 re-assigned from D:2 to D:3.
Grinder gestures at you. Pain shoots through your body! Grinder hits you!
You barely miss Grinder. You barely miss the goblin.
The goblin barely misses you. Grinder hits you but does no damage.
You slash Grinder!
Grinder is lightly wounded.
You completely miss the goblin. The goblin hits you but does no damage.
Grinder barely misses you.
You barely miss Grinder.
Grinder is lightly wounded.
You hit the goblin but do no damage. The goblin hits you with a +0 club.
Grinder hits you. x2; You writhe in agony.
You block the goblin's attack.
You barely miss Grinder.
Grinder is lightly wounded.
You hit the goblin but do no damage. The goblin hits you but does no damage.
Grinder zaps a wand.
The roots erupt in riotous growth!
The grasping roots grab you!
The goblin is unaffected.
Grinder is unaffected.
The grasping roots constrict you.
You hear a shout! x2
You hit Grinder.
Grinder is moderately wounded.
You barely miss the goblin. The goblin hits you but does no damage.
Grinder blinks!
The grasping roots constrict you.
You barely miss the worm. You slash the goblin!
You kill the goblin!
The grasping roots constrict you.
The grasping roots release their grip on you.
You slash the worm!
The worm is severely wounded.
Grinder zaps a wand.
The roots erupt in riotous growth!
The grasping roots grab you!
The worm is unaffected.
The grasping roots constrict you. The worm bites you!
You die...

##...... ........
#<#....##
##.......##
.......... #
#........###.###.
#.....#..w....5.
#....>.@)..#
+.#.######.# #


You could see Grinder and a worm.

Vanquished Creatures
  A hound (D:4)
  A worm (D:2)
  An orc (D:4)
  A bat (D:2)
  6 endoplasms
  2 giant cockroaches (D:1)
  6 hobgoblins
  4 jackals (D:1)
  2 quokkas (D:1)
  4 ball pythons
  4 frilled lizards (D:1)
  2 goblins
  3 kobolds (D:1)
  7 rats
44 creatures vanquished.

Notes
Turn   | Place    | Note
-------+----------+-------------------------------------------
     0 | D:1      | qw the Gargoyle Fighter began the quest for the Orb.
     0 | D:1      | Reached XP level 1. HP: 14/14 MP: 1/1
     0 | D:1      | 0 ||| qw: Version: 0.2-a-12-gaebbb33
     0 | D:1      | 0 ||| qw: Game counter: 1467
     0 | D:1      | 0 ||| qw: Always use a shield: true
     0 | D:1      | 0 ||| qw: God list: Okawaru
     0 | D:1      | 0 ||| qw: Allow faded altars: false
     0 | D:1      | 0 ||| qw: Do Orc after D:15 true
     0 | D:1      | 0 ||| qw: Do second Lair branch before Depths: true
     0 | D:1      | 0 ||| qw: Lair rune preference: random
     0 | D:1      | 0 ||| qw: Plans: Normal, Zot:1-4, God:TSO, Crypt, Tomb,
                  | Pan, Slime:5, Hells, Abyss, Orb
     0 | D:1      | 0 ||| PLANNING D:1-11
   182 | D:1      | Reached skill level 2 in Axes
   192 | D:1      | HP: 2/14 [hobgoblin (2)]
   195 | D:1      | Reached XP level 2. HP: 4/19 MP: 2/2
   589 | D:1      | 589 ||| Stepping ~*~*~tactically~*~*~ (stealth).
   600 | D:1      | 600 ||| Stepping ~*~*~tactically~*~*~ (stealth).
   601 | D:1      | 601 ||| Stepping ~*~*~tactically~*~*~ (stealth).
   602 | D:1      | 602 ||| Stepping ~*~*~tactically~*~*~ (stealth).
   603 | D:1      | 603 ||| Stepping ~*~*~tactically~*~*~ (stealth).
   631 | D:1      | Reached skill level 3 in Axes
   740 | D:1      | Reached XP level 3. HP: 23/23 MP: 3/3
  1174 | D:1      | 1174 ||| Stepping ~*~*~tactically~*~*~ (stealth).
  1175 | D:1      | 1175 ||| Stepping ~*~*~tactically~*~*~ (stealth).
  1228 | D:1      | 1228 ||| DROPPING +0 whip.
  1363 | D:1      | 1363 ||| READING 2 scrolls labelled KUGASOYCIH.
  1364 | D:1      | 1364 ||| READING scroll labelled OVIMEMMI JUULO.
  1365 | D:1      | 1365 ||| READING scroll labelled LOROT WAUS.
  1366 | D:1      | 1366 ||| READING scroll labelled QIRURUMIRRUE.
  1367 | D:1      | 1367 ||| READING scroll labelled RYZYORINUTZ.
  1508 | D:2      | 1508 ||| READING scroll of enchant weapon.
  1508 | D:2      | 1508 ||| ENCHANTING +1 war axe.
  1789 | D:2      | You fall into a shaft and drop 2 floors!
  1798 | D:4      | Reached skill level 4 in Axes
  1798 | D:4      | Reached XP level 4. HP: 25/28 MP: 4/4
  1901 | D:4      | 1901 ||| DROPPING +0 whip of venom.
  1942 | D:4      | 1942 ||| UPGRADING to +0 plate armour.
  1952 | D:4      | 1952 ||| DROPPING +0 scale mail.
  1953 | D:4      | 1953 ||| READING scroll labelled NECOHE RACZI.
  2060 | D:4      | 2060 ||| FLEEEEING.
  2061 | D:4      | 2061 ||| STAIRDANCE
  2062 | D:3      | Noticed Grinder
  2069 | D:3      | HP: 7/28 [constriction (4)]
  2071 | D:3      | Slain by a worm

Levels and vault maps discovered:
D:1:      minmay_arrival_plants_in_alcoves, layout_loops_ring
D:2:      layout_basic, dreamdust_ecumenical_altar_hidden_monk_grotto,
          amcnicky_mini_pool_small
D:3:      layout_loops_ring, serial_shops, nicolae_shop_hallway_plus, shop,
          shop, uniq_sigmund, uniq_ijyb, uniq_grinder
D:4:      layout_cave_pools, minmay_large_rounded_square, nzn_random_ring,
          uniq_edmund

Skill      XL: |  1  2  3 |
---------------+----------+-----
Axes           | 2 3 4 |  4.1
Fighting       | |  3.2
Armour         | |  3.2
Shields        | |  3.2

Action                   |  1- 3 |  4- 6 || total
-------------------------+-------+-------++-------
Melee: War axe           |   135 |    12 ||   147
Throw: Boomerang         |     2 |     3 ||     5
  Use: Scroll            |     6 |     1 ||     7
Armor: Scale mail        |    67 |     2 ||    69
       Plate armour      |       |     4 ||     4
Dodge: Dodged            |    51 |     4 ||    55
Block: Buckler           |    29 |     1 ||    30

Table legend:
 A = Non-vault XP
 B = Vault XP
 C = Vault XP percentage of total XP
 D = Non-vault monster count
 E = Vault monster count
 F = Vault count percentage of total count
                 A         B        C        D         E       F
            +---------+---------+-------+---------+---------+-------
      Total |     118 |       0 |   0.0 |      44 |       0 |   0.0
            +---------+---------+-------+---------+---------+-------
        D:1 |      56 |       0 |   0.0 |      34 |       0 |   0.0
        D:2 |      15 |       0 |   0.0 |       7 |       0 |   0.0
        D:3 |       2 |       0 |   0.0 |       1 |       0 |   0.0
        D:4 |      45 |       0 |   0.0 |       2 |       0 |   0.0
            +---------+---------+-------+---------+---------+-------
